 Dungeon Crawl Stone Soup version 0.23.1 (webtiles) character file.

Game seed: 8677994224433982480

198 Kairos the Sneak (level 5, 0/27 HPs)
             Began as a Vine Stalker Assassin on Mar 17, 2019.
             Succumbed to a scorpion's poison
             ... on level 4 of the Dungeon.
             The game lasted 00:02:55 (2515 turns).

Kairos the Sneak (Vine Stalker Assassin)            Turns: 2515, Time: 00:02:55

Health: 0/27       AC: 11    Str: 15 (18) XL:     5   Next: 76%
Magic:  0/6        EV:  7    Int: 14 (16) God:
Gold:   207        SH:  0    Dex: 14 (17) Spells: 4/4 levels left

rFire    + + .     SeeInvis .   a - +2 dagger
rCold    . . .     Gourm    .   (no shield)
rNeg     . . .     Faith    .   x - +1 chain mail {rF+}
rPois    .         Spirit   +   j - +0 helmet
rElec    .         Reflect  .   d - +0 cloak
rCorr    +         Harm     .   (no gloves)
MR       .....                  (no boots)
Stlth    ..........             (no amulet)
HPRegen  0.49/turn              o - ring of resist corrosion
MPRegen  0.10/turn              w - ring of flight

@: mighty, brilliant, lethally poisoned (0 -> 0)
A: fangs 2, fire resistance 1, regeneration 1, magic shield, antimagic bite, no
potion heal 3, rot immunity, MP-powered wands
a: Evoke Flight


You were on level 4 of the Dungeon.
You were very hungry.

You visited 1 branch of the dungeon, and saw 4 of its levels.

You collected 207 gold pieces.

Inventory:

Hand Weapons
 a - a +2 dagger (weapon)
 b - a +0 blowgun
Missiles
 e - 26 poisoned needles
 f - 2 curare-tipped needles
Armour
 c - a +0 robe
 d - a +0 cloak (worn)
 j - a +0 helmet (worn)
 k - a +0 leather armour
 n - a +0 ring mail
 x - a +1 chain mail of fire resistance (worn)
Jewellery
 o - a ring of resist corrosion (left hand)
 w - a ring of flight (right hand)
Scrolls
 h - 4 scrolls of remove curse {unknown}
 i - 4 scrolls of fear {unknown}
 p - 2 scrolls of identify {unknown}
 q - a scroll of magic mapping {unknown}
 s - a scroll of blinking {unknown}
 t - a scroll of immolation {unknown}
 v - a scroll of teleportation {unknown}
 y - a scroll of noise {unknown}
Potions
 l - a potion of mutation
Comestibles
 g - 5 rations


   Skills:
 + Level 2.4 Fighting
 + Level 2.8 Short Blades
 + Level 1.8 Throwing
 + Level 1.2 Armour
 + Level 1.5 Dodging
 + Level 6.7 Stealth


You had 4 spell levels left.
You didn't know any spells.
Your spell library was empty.

Dungeon Overview and Level Annotations

Branches:
Dungeon (4/15)             Temple (0/1) D:4

Altars:


Innate Abilities, Weirdness & Mutations

You have extremely sharp teeth.
Your natural rate of healing is unusually fast.
When hurt, damage is shared between your health and your magic reserves.
Your bite disrupts and absorbs the magic of your enemies.
Potions cannot restore your health.
You are immune to rotting.
Your flesh is heat resistant. (rF+)
You expend magic power (3 MP) to strengthen your wands.


Message History

You feel sick.
It was a potion of mutation.
You feel extremely strange.
You feel your magical essence link to your wands.
You feel resistant to heat.
You feel sick. The adder barely misses you.
The adder bites you but does no damage.
It was a potion of might.
You feel very mighty all of a sudden. The adder bites you but does no damage.
It was a potion of degeneration.
There was something very wrong with that liquid.
You feel weakened.
You feel dopey.
You feel clumsy.
You feel sick. The adder bites you but does no damage.
It was a potion of brilliance.
You feel clever all of a sudden. The adder bites you.
* * * LOW HITPOINT WARNING * * *
You hit the adder.
The adder is severely wounded.
You die...

#....#.# #......#
##......#######
##..............
...............#
.##.###.######.. #.
#so....# #. #S####.#
#.##.###@# #.#
#........# #.# #.#
#####.#### #.# ...
####.#### #.# #.#
#.......# #.# #..
#.......# #.## #..
#.......####..########..
#.......................
#.......####............


You could see a scorpion, an adder and an orc.

Vanquished Creatures
  A bullfrog skeleton (D:4)
  2 orc wizards (D:3)
  2 adders (D:2)
  3 worms
  4 dart slugs
  2 leopard geckos
  4 orcs
  A ball python (D:4)
  8 bats
  A giant cockroach (D:2)
  7 hobgoblins
  4 jackals (D:1)
  2 quokkas (D:3)
  7 frilled lizards
  8 goblins
  12 kobolds
  7 rats
75 creatures vanquished.

Notes
Turn   | Place    | Note
-------+----------+-------------------------------------------
     0 | D:1      | Kairos the Vine Stalker Assassin began the quest for the
                  | Orb.
     0 | D:1      | Reached XP level 1. HP: 11/11 MP: 2/2
     9 | D:1      | Reached skill level 5 in Stealth
    40 | D:1      | Reached XP level 2. HP: 5/15 MP: 0/3
   534 | D:1      | Reached XP level 3. HP: 12/18 MP: 2/4
  1238 | D:2      | Reached skill level 1 in Dodging
  1246 | D:2      | Reached skill level 6 in Stealth
  1375 | D:2      | Gained mutation: Your natural rate of healing is unusually
                  | fast. [Vine Stalker growth]
  1375 | D:2      | Reached XP level 4. HP: 14/23 MP: 5/5
  1878 | D:3      | Reached XP level 5. HP: 19/26 MP: 4/6
  2184 | D:3      | Reached skill level 1 in Armour
  2465 | D:4      | Found a staircase to the Ecumenical Temple.
  2511 | D:4      | Gained mutation: You expend magic power (3 MP) to
                  | strengthen your wands. [potion of mutation]
  2511 | D:4      | Gained mutation: Your flesh is heat resistant. (rF+)
                  | [potion of mutation]
  2511 | D:4      | HP: 1/27 [poisoned by a scorpion]
  2515 | D:4      | Succumbed to a scorpion's poison

Skill      XL: |  1  2  3  4  5 |
---------------+----------------+-----
Stealth        | 5 6 |  6.7
Short Blades   | 2 |  2.8
Fighting       | 2 |  2.4
Dodging        | 1 |  1.5
Armour         | 1 |  1.2
Throwing       | |  1.8

Action                   |  1- 3 |  4- 6 || total
-------------------------+-------+-------++-------
Melee: Dagger            |   101 |   180 ||   281
       Bite              |    23 |    56 ||    79
  Use: Potion            |       |     4 ||     4
 Stab: Sleeping          |    11 |     3 ||    14
  Eat: Chunk             |     1 |     3 ||     4
Armor: Robe              |    10 |       ||    10
       Leather armour    |     6 |       ||     6
       Ring mail         |    10 |    41 ||    51
       Chain mail        |       |    48 ||    48
Dodge: Dodged            |    35 |    71 ||   106
